Map: Curious Minds LE

Players

Pumba

  • Race: Protoss Protoss
  • League: Master
  • Spawn Location: 11:00

Faz - Winner!

  • Race: Terran Terran
  • League: Master
  • Spawn Location: 5:00

VOD

Have the link to the VOD?

Description

Time

  • Played on: April 12, 2022, 10:03 p.m.
  • Length: 8:46
Show
View Real Time Build Order
Export as new Build Order

Pumba Protoss 

Build Orders:  

Get SALT Encoding   

  12  0:00  Probe  
  13  0:12  Probe  
  14  0:18  Pylon  
  14  0:25  Probe  
  15  0:37  Probe  
  15  0:42  Forge  
  16  0:50  Pylon  
  16  0:59  Probe  
  18  1:15  Photon Cannon  
  18  1:17  Photon Cannon  
  17  1:27  Gateway  
  17  1:39  Probe  
  18  1:41  Assimilator  
  18  2:05  Probe (Chrono Boost)  
  18  2:14  Zealot (Chrono Boost)  
  18  2:15  Probe (Chrono Boost)  
  19  2:17  Nexus  
  21  2:23  Probe  
  21  2:28  Assimilator  
  21  2:41  Zealot (Chrono Boost)  
  21  2:42  Probe  
  24  2:54  Probe  
  25  3:02  Pylon  
  23  3:16  Cybernetics Core, Probe  
  23  3:19  Photon Cannon  
  24  3:28  Probe (Chrono Boost)  
  24  3:30  Probe (Chrono Boost)  
  26  3:39  Probe (Chrono Boost)  
  25  3:41  Probe (Chrono Boost)  
  25  3:44  Probe (Chrono Boost)  
  27  3:54  Stargate  
  27  3:55  Stargate  
  27  4:01  Photon Cannon  
  27  4:02  Shield Battery  
  27  4:05  Probe (Chrono Boost)  
  29  4:10  Probe (Chrono Boost)  
  29  4:17  Probe (Chrono Boost)  
  31  4:25  Probe (Chrono Boost)  
  31  4:26  Probe (Chrono Boost)  
  32  4:32  Probe x2  
  34  4:41  Oracle  
  34  4:44  Probe x2  
  43  4:48  Void Ray, Pylon  
  43  4:53  Shield Battery  
  43  4:56  Probe (Chrono Boost)  
  45  5:00  Assimilator  
  45  5:02  Probe (Chrono Boost)  
  45  5:05  Probe (Chrono Boost)  
  45  5:10  Photon Cannon  
  44  5:28  Probe  
  39  5:33  Probe (Chrono Boost)  
  33  5:40  Probe (Chrono Boost)  
  33  5:46  Probe (Chrono Boost)  
  33  5:49  Probe (Chrono Boost)  
  35  5:51  Probe (Chrono Boost)  
  35  5:54  Probe (Chrono Boost)  
  37  6:00  Probe  
  37  6:02  Oracle  
  40  6:06  Probe  
  41  6:12  Probe, Assimilator  
  42  6:18  Probe  
  42  6:24  Photon Cannon, Probe  
  44  6:30  Probe  
  45  6:33  Oracle  
  45  6:36  Probe (Chrono Boost)  
  46  6:42  Probe (Chrono Boost)  
  47  6:48  Probe (Chrono Boost)  
  47  6:51  Pylon  
  49  6:54  Probe (Chrono Boost)  
  49  6:56  Probe (Chrono Boost)  
  49  6:59  Probe (Chrono Boost)  
  51  7:02  Probe  
  51  7:08  Nexus  
  52  7:09  Probe  
  52  7:14  Probe  
  54  7:21  Probe  
  55  7:26  Probe  
  56  7:33  Probe  
  56  7:35  Fleet Beacon  
  58  7:37  Void Ray  
  58  7:38  Probe  
  59  7:44  Shield Battery  
  59  7:46  Pylon  
  59  7:56  Photon Cannon  
  56  8:01  Shield Battery  
  56  8:05  Photon Cannon  
  48  8:30  Probe x2  
  48  8:31  Pylon  
Show
View Real Time Build Order
Export as new Build Order

Faz Terran - Winner!

Build Orders:  

Get SALT Encoding   

  12  0:00  SCV  
  13  0:12  SCV  
  14  0:17  Supply Depot  
  14  0:24  SCV  
  15  0:38  SCV  
  15  0:41  Barracks  
  16  0:43  Refinery  
  16  0:50  SCV  
  17  1:03  SCV  
  18  1:20  Supply Depot  
  18  1:22  SCV  
  19  1:27  Marine  
  19  1:31  Bunker  
  20  1:38  Supply Depot  
  20  1:46  Marine  
  20  1:49  SCV  
  20  2:01  SCV  
  19  2:04  Marine  
  20  2:13  SCV  
  21  2:23  Marine  
  21  2:25  SCV  
  23  2:31  Factory  
  21  2:37  SCV  
  21  2:41  Marine  
  22  2:49  SCV  
  20  2:59  Marine  
  20  3:03  SCV  
  22  3:15  SCV  
  22  3:16  Marine  
  22  3:17  Factory Tech Lab, Starport  
  24  3:26  Supply Depot  
  24  3:32  Orbital Command  
  24  3:34  Marine  
  25  3:42  Cyclone  
  28  3:52  Refinery  
  28  3:54  Marine  
  29  3:59  Viking  
  31  4:10  Supply Depot  
  31  4:20  Engineering Bay  
  31  4:28  Supply Depot  
  31  4:31  SCV, Siege Tank  
  31  4:35  Marine  
  36  4:43  SCV, Barracks  
  37  5:02  Liberator  
  37  5:04  SCV  
  41  5:20  Marine  
  46  5:21  SCV  
  46  5:24  Barracks  
  31  5:43  Cyclone  
  31  5:44  Marine x2  
  31  5:45  Viking  
  38  6:13  Barracks Reactor  
  35  6:19  Cyclone, Starport Reactor  
  35  6:21  Barracks Tech Lab  
  35  6:22  Viking  
  35  6:23  Barracks Tech Lab  
  40  6:29  Command Center  
  40  6:41  Marine  
  40  6:42  Stimpack  
  40  6:45  SCV  
  42  6:49  Marine  
  42  6:50  Marine x2  
  42  6:53  Cyclone  
  45  6:59  Marine  
  46  7:03  Supply Depot  
  46  7:04  Supply Depot  
  46  7:09  Marine  
  46  7:11  Viking, Marine x2  
  51  7:18  Marine  
  51  7:31  Marine x2  
  51  7:32  Marine  
  51  7:35  SCV  
  55  7:44  Starport Reactor  
  55  7:45  Orbital Command  
  55  7:47  SCV  
  55  7:48  Marine  
  57  8:17  Marine x2  
Tags
 
Add a new tag
Caveats
  • Supply blocks, unpowered buildings, or Contaminate may cause inaccurate times.
  • Supply counts are checked every 10 seconds.